AoeStats
← 漂亮国五星上将艾森豪威尔下士

Fortress

510724921Analyzed
1v1 RM · 20h ago on Oct 2, 2026· 16m 25s· 2 players
Game mode
Random Map
Map size
Small (3 player)
Population
200
Speed
Normal
Resources
Standard
Victory
Conquest
Starting age
Dark Age
Ending age
Imperial Age
RankedLock teamsTeams togetherTeam positionsShared explorationLock speedFull tech treeHidden civsTurbo modeCheats
Victory
Defeat
🇮🇹 Franks · Italy
859
+16
🇭🇰 Magyars · Hong Kong SAR China
857
-16
漂亮国五星上将艾森豪威尔下士
7:05 Feudal Age
11:46 Castle Age
9:46 Double-Bit Axe
10:15 Horse Collar
11:17 Gold Mining
15:48 Gold Shaft Mining
16:05 Bow Saw
VictorMain
7:02 Feudal Age
7:59 Double-Bit Axe
11:01 Castle Age
11:54 Bow Saw
12:26 Loom
12:54 Scale Barding Armor
13:05 Forging
14:48 Wheelbarrow
14:52 Loom
Connection lost

Rejoining the realm…

Still unreachable

The connection could not be restored.

Session expired

The server has moved on; the page needs a fresh start.